 Dungeon Crawl Stone Soup version 0.27.1 (webtiles) character file.

Game seed: 6636423877078028149

58 ZARRMARR the Chiller (level 4, -5/34 HPs)
             Began as a Ghoul Ice Elementalist on Aug 24, 2021.
             Slain by a gnoll (8 damage)
             ... on level 2 of the Dungeon.
             The game lasted 00:05:49 (1690 turns).

ZARRMARR the Chiller (Ghoul Ice Elementalist)       Turns: 1690, Time: 00:05:49

Health: -5/34      AC:  2    Str: 11    XL:     4   Next: 2%
Magic:  0/6        EV: 12    Int: 11    God:
Gold:   13         SH:  0    Dex:  9    Spells: 6/7 levels left

rFire    . . .     SeeInvis .   (no weapon)
rCold    + . .     Faith    .   (no shield)
rNeg     + + +     Spirit   .   a - +0 robe
rPois    ∞         Reflect  .   (no helmet)
rElec    .         Harm     .   (no cloak)
rCorr    .         Rampage  .   (no gloves)
Will     .....                  (no boots)
Stlth    ++........             (no amulet)
HPRegen  0.00/turn              (no ring)
MPRegen  0.10/turn              (no ring)

@: inhibited regen
A: claws 1, cold resistance 1, negative energy resistance 3, inhibited
regeneration, torment resistance 2
a: no special abilities


You were on level 2 of the Dungeon.
You visited 1 branch of the dungeon, and saw 2 of its levels.

You collected 13 gold pieces.

Inventory:

Missiles
 e - 3 boomerangs (quivered)
 g - 35 poisoned darts
Armour
 a - a +0 robe (worn)
 l - a +0 cloak
Wands
 f - a wand of digging (4)
Scrolls
 j - 3 scrolls of teleportation {unknown}
 m - a scroll of immolation {unknown}
 n - a scroll of silence {unknown}
Potions
 b - a potion of magic {unknown}
 c - a potion of lignification {unknown}
 d - 2 potions of heal wounds {unknown}
 h - a potion of haste {unknown}
 i - a potion of attraction {unknown}
 k - a potion of curing {unknown}


   Skills:
 + Level 0.8 Fighting
 - Level 1.7 Dodging
 - Level 2.1 Stealth
 + Level 2.4 Spellcasting
 + Level 5.4 Ice Magic


You had 6 spell levels left.
You knew the following spells:

 Your Spells              Type           Power      Damage    Failure   Level
a - Freeze                Ice            52%        1d7       3%          1

Your spell library contained the following spells:

 Spells                   Type           Power      Damage    Failure   Level
 Frozen Ramparts          Ice            26%        1d4       9%          3
 Ozocubu's Armour         Ice            13%        N/A       9%          3
 Sandblast                Erth           2%         2d4       28%         1
 Passwall                 Tmut/Erth      0%         N/A       38%         2
 Stone Arrow              Conj/Erth      2%         3d7       63%         3
 Hailstorm                Conj/Ice       7%         3d4       67%         4
 Animate Armour           Summ/Erth      2%         N/A       95%         4
 Lee's Rapid Deconstruct  Erth           0%         3d5*      100%        5
 Lehudib's Crystal Spear  Conj/Erth      0%         10d2      100%        8


Dungeon Overview and Level Annotations

Branches:
Dungeon (2/15)

Altars:


Innate Abilities, Weirdness & Mutations

You thrive by killing the living.
You are immune to poison.
You have sharp fingernails.
Your flesh is cold resistant. (rC+)
You are immune to negative energy. (rN+++)
You do not regenerate when monsters are visible.
You are immune to unholy pain and torment.


Message History

Press: ? - help, Shift-Dir - straight line, f - gnoll, p - gnoll
Aim: a gnoll, wielding a +0 whip You freeze the gnoll.
The gnoll is lightly wounded.
Unknown command.
Casting: Freeze (safe; 3% risk of failure)
Confirm with . or Enter, or press ? or * to list all spells.
Aiming: Freeze (safe; 3% risk of failure)
Press: ? - help, Shift-Dir - straight line, f/p - gnoll
Aim: a gnoll, wielding a +0 whip (lightly wounded)
You freeze the gnoll.
The gnoll is moderately wounded.
The gnoll hits you from afar with a +0 spear.
The gnoll barely misses you.
Casting: Freeze (safe; 3% risk of failure)
Confirm with . or Enter, or press ? or * to list all spells.
Aiming: Freeze (safe; 3% risk of failure)
Press: ? - help, Shift-Dir - straight line, f/p - gnoll
Aim: a gnoll, wielding a +0 whip (moderately wounded)
You freeze the gnoll.
The gnoll is heavily wounded.
The gnoll hits you from afar with a +0 spear!
* * * LOW HITPOINT WARNING * * *
The gnoll misses you.
You scratch the gnoll but do no damage.
The gnoll is heavily wounded.
The gnoll closely misses you.
Your magical contamination has completely faded away.
Casting: Freeze (safe; 3% risk of failure)
Confirm with . or Enter, or press ? or * to list all spells.
Aiming: Freeze (safe; 3% risk of failure)
Press: ? - help, Shift-Dir - straight line, f/p - gnoll
Aim: a gnoll, wielding a +0 whip (heavily wounded)
You freeze the gnoll.
The gnoll is heavily wounded.
The gnoll hits you with a +0 whip!
* * * LOW HITPOINT WARNING * * *
The gnoll misses you. The gnoll hits you with a +0 whip!
You die...

#.# #.......# #.# #.#
#.#####.# #.#
#.#######.# #.# #..
#.........# #.# #..
#########.# #.# #..
#.#####.######..
#..............(
###########.##.#####...
#.g.gg@.....##.# #...
#.#########.##.# #...
#.# #.##.#####... #.#
#............ #g#
####.#####..# #.# #.#
###... #.# #.# #....#
#.# #.#### #.# #.#


You could see 3 gnolls.

Vanquished Creatures
  2 adders (D:2)
  A worm (D:2)
  2 dart slugs (D:1)
  4 endoplasms
  4 giant cockroaches
  6 goblins
  2 hobgoblins (D:1)
  3 quokkas (D:1)
  A ball python (D:1)
  A bat (D:1)
  A frilled lizard (D:1)
  A kobold (D:2)
  2 rats
30 creatures vanquished.

Notes
Turn   | Place    | Note
-------+----------+-------------------------------------------
     0 | D:1      | ZARRMARR the Ghoul Ice Elementalist began the quest for the
                  | Orb.
     0 | D:1      | Reached XP level 1. HP: 14/14 MP: 2/2
   225 | D:1      | Reached XP level 2. HP: 20/20 MP: 3/3
   304 | D:1      | Reached skill level 5 in Ice Magic
   515 | D:1      | Reached XP level 3. HP: 27/27 MP: 2/5
  1385 | D:2      | Reached XP level 4. HP: 14/34 MP: 0/6
  1595 | D:2      | Found a faded altar of an unknown god.
  1690 | D:2      | Slain by a gnoll

Illustrated notes

Levels and vault maps discovered:
D:1:      wander_arrival_lonely_grave, layout_rooms
D:2:      layout_loops_ring, dreamdust_ecumenical_altar_angels_and_demons

Skill      XL: |  1  2 |
---------------+-------+-----
Ice Magic      | 5 |  5.4
Spellcasting   | 2 |  2.4
Fighting       | |  0.8
Dodging        | |  1.7
Stealth        | |  2.1

Action                   |  1- 3 |  4- 6 || total
-------------------------+-------+-------++-------
Melee: Unarmed           |    17 |     1 ||    18
Throw: Boomerang         |    29 |       ||    29
 Cast: Freeze            |    41 |     6 ||    47
  Use: Scroll            |     1 |       ||     1
 Stab: Sleeping          |     1 |       ||     1
Armor: Robe              |     5 |       ||     5
Dodge: Dodged            |    20 |     5 ||    25
